 Dungeon Crawl Stone Soup version 0.30.1 (webtiles) character file.

Game seed: 3979903775916854713

5414 EWolf27 the Cleaver (level 10, -2/90 HPs)
             Began as a Minotaur Fighter on May 3, 2023.
             Was an Initiate of Ashenzari.
             Slain by Erica
             ... wielding a +3 scimitar of flaming
              (6 damage)
             ... on level 8 of the Dungeon on July 12, 2023.
             The game lasted 00:41:33 (8313 turns).

EWolf27 the Cleaver (Minotaur Fighter)              Turns: 8313, Time: 00:41:33

Health: -2/90      AC: 15    Str: 21    XL:     10   Next: 40%
Magic:  9/9        EV: 10    Int:  7    God:    Ashenzari [......]
Gold:   168        SH:  5    Dex: 12    Spells: 9/9 levels left

rFire   + . .        a - +0 war axe
rCold   + . .        c - +0 buckler
rNeg    + . .        f - +1 chain mail {rN+}
rPois   .            (helmet restricted)
rElec   .            l - +0 cloak "Lashed Oblivion" {Alch, Fort} (curse)
rCorr   .            K - +0 pair of gloves
SInv    .            (no boots)
Will    .....        (no amulet) Stlth
                     v - ring of protection from cold
HPRegen 0.35/turn    D - ring of protection from fire
MPRegen 0.11/turn

%: no passive effects
@: mighty, slowed, very slow
A: horns 2, retaliatory headbutt
a: Renounce Religion, Curse Item, Shatter the Chains


You were on level 8 of the Dungeon.
You worshipped Ashenzari.
Ashenzari was noncommittal.
You visited 2 branches of the dungeon, and saw 9 of its levels.

You collected 228 gold pieces.
You spent 60 gold pieces at shops.

Inventory:

Hand Weapons
 a - a +0 war axe (weapon)
 o - a +0 flail
 y - the +4 trident of Lonk {heavy, +Blink rPois rC+ rN+}
   (You found it on level 7 of the Dungeon)

   rC:        It protects you from cold.
   rPois:     It protects you from poison.
   rN:        It protects you from negative energy.
   +Blink:    It lets you blink.
Missiles
 j - 89 stones (quivered)
 n - 14 poisoned darts
 w - 8 boomerangs
 I - 5 curare-tipped darts
Armour
 c - a +0 buckler (worn)
 f - a +1 chain mail of positive energy (worn)
 l - the cursed +0 cloak "Lashed Oblivion" (worn) {Alch, Fort}
   (You found it on level 1 of the Dungeon)

   It has a curse which improves the following skills: Alchemy: Poison Magic and
   Transmutations.
   Fortitude: Armour and Shields.
 K - a +0 pair of gloves (worn)
Jewellery
 v - a ring of protection from cold (left hand)
 D - a ring of protection from fire (right hand)
Wands
 C - a wand of flame (13)
 L - a wand of polymorph (11)
 M - a wand of quicksilver (5)
Scrolls
 e - a scroll of vulnerability {unknown}
 i - a scroll of butterflies {unknown}
 t - 3 scrolls of teleportation
 u - a scroll of amnesia {unknown}
 x - a scroll of magic mapping
 F - 2 scrolls of fear {unknown}
 G - a scroll of enchant weapon {unknown}
 H - a scroll of immolation {unknown}
 J - a scroll of poison {unknown}
Potions
 b - a potion of degeneration {unknown}
 g - 2 potions of flight
 h - a potion of heal wounds {unknown}
 k - 3 potions of curing
 m - 3 potions of mutation
 q - 2 potions of haste {unknown}
 r - a potion of brilliance {unknown}
 s - a potion of ambrosia {unknown}
 z - a potion of resistance {unknown}
 A - a potion of cancellation {unknown}
 B - 2 potions of lignification
 E - 2 potions of berserk rage {unknown}
 P - a potion of invisibility {unknown}


   Skills:
 + Level 8.6 Fighting
 + Level 11.8 Axes
 + Level 10.3(10.7) Armour
 + Level 4.2 Dodging
 - Level 6.5(7.0) Shields
 + Level 1.7 Unarmed Combat


You had 9 spell levels left.
You didn't know any spells.
Your spell library contained the following spells:

 Spells                   Type           Power      Damage    Failure   Level
 Apportation              Tloc           0%         N/A       95%         1
 Necrotise                Necr           0%         1d4       95%         1
 Summon Small Mammal      Summ           0%         N/A       95%         1
 Poisonous Vapours        Pois/Air       0%         N/A       99%         2
 Mephitic Cloud           Conj/Pois/Air  0%         N/A       100%        3
 Ozocubu's Armour         Ice            0%         N/A       100%        3
 Freezing Cloud           Conj/Ice/Air   0%         6-21      100%        5
 Ozocubu's Refrigeration  Ice            0%         4d7       100%        7


Dungeon Overview and Level Annotations

Branches:
Dungeon (8/15)             Temple (1/1) D:6            Lair (0/5) D:8

Altars:
Ashenzari
Cheibriados
Dithmenos
Elyvilon
Fedhas
Gozag
Kikubaaqudgha
Makhleb
Nemelex Xobeh
Okawaru
Qazlal
Ru
Trog
Vehumet
Wu Jian
Xom
Yredelemnul
Zin
The Shining One

Shops:
D:1 =!   D:4 *((!

Annotations:
D:6 1 runed translucent door, Beaer's ghost, novice HOMo
D:8 1 runed translucent door, Erica; peterlawrence's ghost, novice MiFi


Innate Abilities, Weirdness & Mutations

You have a pair of horns on your head.
You reflexively headbutt those who attack you in melee.


Message History

The tengu warrior is severely wounded.
The tengu warrior barely misses you. You furiously retaliate!
You headbutt the tengu warrior!
The tengu warrior pecks you but does no damage.
The tengu warrior claws you but does no damage.
You hit the tengu warrior.
The tengu warrior is almost dead.
The tengu warrior hits you with a +0 great sword!
The tengu warrior pecks you but does no damage.
The tengu warrior claws you but does no damage.
You closely miss the tengu warrior.
The tengu warrior is almost dead.
The tengu warrior hits you with a +0 great sword!
* * * LOW HITPOINT WARNING * * *
The tengu warrior misses you. The tengu warrior closely misses you.
You barely miss the tengu warrior.
The tengu warrior is almost dead.
You block the tengu warrior's attack. x2; The tengu warrior claws you.
* * * LOW HITPOINT WARNING * * *
You hit the tengu warrior.
You kill the tengu warrior!
The kobold brigand throws a curare-tipped dart.
The curare-tipped dart hits you.
You are poisoned.
You have difficulty breathing.
* * * LOW HITPOINT WARNING * * *
You feel yourself slow down.
You feel better. Something hits you.
* * * LOW HITPOINT WARNING * * *
Something burns you.
* * * LOW HITPOINT WARNING * * *
Something hits you!
* * * LOW HITPOINT WARNING * * *
Something burns you.
* * * LOW HITPOINT WARNING * * *
Something hits you but does no damage. Something hits you.
* * * LOW HITPOINT WARNING * * *
Something hits you.
You die...

####.# ##.#######... .....#
#............ .....#
#............ .....#
#............ .....#####
##............ .........#
#.............
.........###########.............
#######....)..##..#.....~...~~...
∩.....#....#gYK{@......~~.~.~~~..
......#....#...O.....÷~~≈.~.~≈~.~
.P..:(#..Q.#..........~≈≈≈~.~≈~~.
.....3#....#..........~≈≈≈≈.~≈≈..
∩.∩.∩W#..###########...~≈≈~.≈~.~~
#######†.........,,....~≈~..~~~~~
......|O.........,....~S~.~..,~~~
.................,....≈≈≈.~..~~~~
.####...Q............~.≈~....~~~~


You could see a two-headed ogre, a sky beast, a kobold brigand, a gnoll sergeant
and an electric eel (wandering).

Vanquished Creatures
  A tengu warrior (D:8)
  Maggie (D:6)
  A queen bee (D:8)
  A troll (D:8)
  Grinder (D:4)
  2 wyverns
  2 steam dragons (D:6)
  2 water moccasins
  6 sky beasts
  2 black bears
  An ice beast (D:6)
  An ogre (D:4)
  2 wolves (D:8)
  2 centaurs
  A phantom (D:4)
  2 kobold brigands (D:4)
  6 bullfrogs
  2 scorpions
  3 wights
  8 killer bees (D:8)
  An electric eel (D:8)
  7 hounds
  2 jellies
  3 orc priests
  Natasha (twice) (D:3)
  An iguana (D:7)
  2 orc wizards
  2 gnolls (D:5)
  11 adders
  4 river rats (D:5)
  2 worms
  2 dart slugs
  14 orcs
  5 endoplasms
  3 giant cockroaches (D:4)
  11 goblins
  8 hobgoblins
  10 kobolds
  3 quokkas
  9 ball pythons
  5 bats
  2 frilled lizards
  5 rats
161 creatures vanquished.

Notes
Turn   | Place    | Note
-------+----------+-------------------------------------------
     0 | D:1      | EWolf27 the Minotaur Fighter began the quest for the Orb.
     0 | D:1      | Reached XP level 1. HP: 19/19 MP: 0/0
    48 | D:1      | Found Meghoobuca's Distillery.
    88 | D:1      | Reached XP level 2. HP: 24/27 MP: 1/1
   490 | D:1      | Found Ohopt's Jewellery Emporium.
   633 | D:2      | Reached XP level 3. HP: 33/33 MP: 2/2
   656 | D:2      | Reached skill level 3 in Axes
   743 | D:2      | Found a faded altar of an unknown god.
   880 | D:2      | Reached XP level 4. HP: 34/41 MP: 3/3
  1399 | D:3      | Noticed Natasha
  1405 | D:3      | Killed Natasha
  1406 | D:3      | Reached skill level 4 in Axes
  1629 | D:3      | Reached XP level 5. HP: 47/47 MP: 4/4
  1774 | D:3      | Noticed Natasha
  1784 | D:3      | Killed Natasha
  2340 | D:4      | Noticed Grinder
  2340 | D:4      | Noticed an ogre
  2340 | D:4      | Noticed a centaur
  2403 | D:3      | Upgraded the game from 0.30-b1-2-g02819fbbbe to 0.30.1
  2432 | D:4      | Found Zizidghol's Antique Weapon Boutique.
  2570 | D:4      | Found Biczear's Assorted Antiques.
  2577 | D:4      | Bought a metallic silvery potion for 30 gold pieces
  2577 | D:4      | Bought a sapphire potion for 30 gold pieces
  2603 | D:4      | Found Oxougioh's Distillery.
  2611 | D:4      | You fall into a shaft and drop 3 floors!
  2613 | D:7      | Identified the +4 trident of Lonk {heavy, +Blink rPois rC+
                  | rN+}
  2636 | D:7      | Reached skill level 5 in Axes
  2664 | D:6      | Reached skill level 5 in Fighting
  2664 | D:6      | Reached skill level 5 in Armour
  2664 | D:6      | Reached XP level 6. HP: 48/56 MP: 5/5
  2707 | D:6      | Noticed an ice beast
  2736 | D:6      | Killed an ice beast
  2839 | D:6      | Reached skill level 1 in Dodging
  2887 | D:6      | Reached XP level 7. HP: 61/61 MP: 6/6
  2992 | D:6      | Noticed Maggie
  3002 | D:5      | Entered Level 5 of the Dungeon
  3006 | D:5      | Reached skill level 6 in Axes
  3019 | D:5      | Reached skill level 5 in Shields
  3175 | D:5      | Found a broken altar of Ashenzari.
  3221 | D:5      | Became a worshipper of Ashenzari the Shackled
  3812 | D:4      | Reached skill level 7 in Axes
  3812 | D:4      | Reached XP level 8. HP: 68/70 MP: 7/7
  3856 | D:4      | Killed Grinder
  3987 | D:4      | Found Puiheo's Weapon Shoppe.
  4173 | D:4      | Reached skill level 8 in Axes
  4495 | D:5      | Found a stormy altar of Qazlal.
  5300 | D:6      | Killed Maggie
  5307 | D:6      | Identified the cursed +0 cloak "Lashed Oblivion" {Alch,
                  | Fort} (You found it on level 1 of the Dungeon)
  5334 | D:6      | Found a runed translucent door.
  5335 | D:6      | Found a shimmering altar of Xom.
  5335 | D:6      | Noticed Beaer's ghost (novice HOMo)
  5335 | D:6      | Noticed a +1 trident of chaos
  5393 | D:6      | Reached XP level 9. HP: 78/78 MP: 8/8
  5394 | D:6      | Found a sparkling altar of Nemelex Xobeh.
  5408 | D:6      | Reached skill level 9 in Axes
  5435 | D:6      | Found an ornate altar of the Wu Jian Council.
  5467 | D:6      | Found a staircase to the Ecumenical Temple.
  5480 | Temple   | Entered the Ecumenical Temple
  5652 | D:6      | Reached skill level 1 in Unarmed Combat
  5842 | D:6      | Found a bloodstained altar of Trog.
  6265 | D:7      | Reached skill level 10 in Axes
  7230 | D:8      | Noticed a queen bee
  7251 | D:8      | Killed a queen bee
  7314 | D:8      | Reached skill level 11 in Axes
  7317 | D:8      | Reached XP level 10. HP: 26/88 MP: 9/9
  7905 | D:8      | Found a staircase to the Lair.
  8078 | D:8      | Noticed peterlawrence's ghost (novice MiFi)
  8104 | D:8      | Found a runed translucent door.
  8145 | D:8      | Reached skill level 10 in Armour
  8279 | D:8      | Noticed Erica
  8279 | D:8      | Noticed a two-headed ogre
  8282 | D:8      | Noticed a tengu warrior
  8307 | D:8      | Killed a tengu warrior
  8309 | D:8      | HP: 4/90 [something (1)]
  8313 | D:8      | Slain by Erica

Illustrated notes

Levels and vault maps discovered:
D:1:      roderic_octagonal_star, layout_rooms, serial_shops,
          nicolae_shop_hallway_stairs, nicolae_shop_back_alley_shop
D:2:      layout_basic, basic_ecumenical_altar
D:3:      layout_loops_cross, minmay_crystal_water, uniq_natasha
D:4:      cheibrodos_thug_alley, layout_loops_ring, serial_shops, shop,
          nicolae_shop_rolling_square, shop, shop_statue, uniq_grinder
D:5:      wad_woods_tower, layout_rooms,
          mainiacjoe_overflow_concentric_impassable, nicolae_ashenzari_skybound,
          chequers_big_river, kennysheep_generic_room_6
D:6:      layout_cave_pools, nemelex_xobeh_ov_fountains_minmay,
          trog_hazing_becter, overflow_temple_1_default,
          minmay_temple_entry_wispy, ebering_ghost_xom, uniq_maggie
D:7:      layout_rooms
D:8:      minmay_bloctagon, layout_gridville, erik_lair_island,
          hellmonk_ghost_big_iron, nicolae_looking_at_the_future, uniq_erica
Temple:   compressed_dpeg_circular_temple

Skill      XL: |  1  2  3  4  5  6  7  8  9 10 |
---------------+-------------------------------+-----
Armour         | 4 5 6 7 9 10 | 10.3
Fighting       | 4 5 6 7 8 |  8.6
Axes           | 3 4 5 7 8 11 | 11.8
Shields        | 4 5 6 |  6.5
Dodging        | 1 2 3 4 |  4.2
Unarmed Combat | 1 |  1.7

Action                     |  1- 3 |  4- 6 |  7- 9 | 10-12 || total
---------------------------+-------+-------+-------+-------++-------
  Melee: War axe           |    60 |    69 |   282 |    67 ||   478
         Headbutt          |     7 |     5 |    65 |     5 ||    82
         Unarmed           |       |       |     7 |       ||     7
  Throw: Stone             |       |       |     3 |       ||     3
 Invoke: Curse Item        |       |       |     1 |       ||     1
    Use: Potion            |       |       |     4 |     2 ||     6
         Scroll            |       |       |     8 |       ||     8
   Stab: Confused          |       |       |     1 |       ||     1
 Armour: Scale mail        |    34 |    33 |    62 |       ||   129
         Chain mail        |       |       |    96 |    45 ||   141
         Skin              |       |       |     1 |       ||     1
  Dodge: Dodged            |    27 |    37 |   145 |    39 ||   248
  Block: Buckler           |     8 |    17 |    80 |    26 ||   131
